 Dungeon Crawl Stone Soup version 0.28-a0-802-g09f76e8c00 (webtiles) character file.

Game seed: 11763815955923876413

326 gimp the Skirmisher (level 6, -2/48 HPs)
             Began as a Formicid Wanderer on Nov 6, 2021.
             Slain by a scorpion (7 damage)
             ... on level 4 of the Dungeon.
             The game lasted 00:07:49 (5460 turns).

gimp the Skirmisher (Formicid Wanderer)             Turns: 5460, Time: 00:07:50

Health: -2/48      AC:  5    Str: 18    XL:     6   Next: 79%
Magic:  9/9        EV: 10    Int: 13    God:
Gold:   163        SH:  4    Dex:  9    Spells: 8/9 levels left

rFire   . . .      SeeInvis +   a - +2 spear
rCold   . . .      Faith    .   k - +0 buckler
rNeg    + . .      Spirit   .   f - +0 ring mail
rPois   .          Reflect  .   (helmet unavailable)
rElec   .          Harm     .   (no cloak)
rCorr   .          Rampage  .   (no gloves)
Will    .....                   (no boots)
Stlth   +.........              (no amulet)
HPRegen 0.16/turn               c - ring of wizardry
MPRegen 0.11/turn               h - ring of positive energy

@: no status effects
A: permanent stasis, dig shafts and tunnels, antennae 3, four strong arms
a: Dig, Shaft Self


You were on level 4 of the Dungeon.
You visited 1 branch of the dungeon, and saw 5 of its levels.
You also visited: Sewer.

You collected 163 gold pieces.

Inventory:

Hand Weapons
 a - a +2 spear (weapon)
 b - a +0 war axe
Missiles
 d - 29 poisoned darts (quivered)
Armour
 f - a +0 ring mail (worn)
 k - a +0 buckler (worn)
Jewellery
 c - a ring of wizardry (left hand)
 h - a ring of positive energy (right hand)
 o - a ring of ice
 v - an amulet of regeneration
Wands
 e - a wand of iceblast (8)
Scrolls
 n - a scroll of enchant armour
 q - 4 scrolls of brand weapon
 u - a scroll of summoning
Potions
 g - 2 potions of degeneration {unknown}
 i - a potion of resistance
 j - a potion of attraction {unknown}
 l - 2 potions of curing {unknown}
 m - a potion of invisibility {unknown}
 p - a potion of brilliance {unknown}
 r - 2 potions of might
 t - a potion of mutation {unknown}
 x - a potion of haste


   Skills:
 + Level 4.0 Fighting
 * Level 3.5 Axes
 + Level 3.1 Armour
 - Level 1.2 Stealth
 + Level 3.5 Shields
 - Level 2.1 Spellcasting
 - Level 1.7 Conjurations
 - Level 1.2 Earth Magic


You had 8 spell levels left.
You knew the following spells:

 Your Spells              Type           Power      Damage    Failure   Level
a - Apportation           Tloc           2%         N/A       17%         1

Your spell library contained the following spells:

 Spells                   Type           Power      Damage    Failure   Level
 Portal Projectile        Hex/Tloc       2%         N/A       45%         3
 Blade Hands              Tmut           0%         N/A       99%         5
 Excruciating Wounds      Necr           0%         N/A       99%         5


Dungeon Overview and Level Annotations

Branches:
Dungeon (5/15)              Sewer (visited)
 Temple: D:4-7

Altars:
Ru

Shops:
D:4 [

Annotations:
D:4 Grinder


Innate Abilities, Weirdness & Mutations

You cannot be hasted, slowed, berserked, paralysed or teleported.
You can dig through walls and to a lower floor.
You have a pair of large antennae on your head. (SInv)
Your four strong arms can wield two-handed weapons with a shield.


Message History

You feel sick.
You are no longer poisoned.
The iguana bites you but does no damage.
Throw: 32 darts (poison)
Press: ? - help, Q - select action, (/) - cycle Shift-Dir - straight line, f/p - iguana
Aim: an iguana (moderately wounded, 60% to hit)
You throw a poisoned dart.
The poisoned dart barely misses the iguana.
The iguana bites you!
* * * LOW HITPOINT WARNING * * *
You take 7 damage, and have 11/48 hp.
Throw: 31 darts (poison)
Press: ? - help, Q - select action, (/) - cycle Shift-Dir - straight line, f/p - iguana
Aim: an iguana (moderately wounded, 60% to hit)
You throw a poisoned dart.
The poisoned dart barely misses the iguana.
The iguana closely misses you.
Throw: 30 darts (poison)
Press: ? - help, Q - select action, (/) - cycle Shift-Dir - straight line, f/p - iguana
Aim: an iguana (moderately wounded, 60% to hit)
You throw a poisoned dart.
The poisoned dart barely misses the iguana.
The iguana bites you!
* * * LOW HITPOINT WARNING * * *
You take 7 damage, and have 4/48 hp.
Okay, then.
A hound comes into view.
The iguana barely misses you.
The hound pauses to sniff the ground.
The iguana bites you.
* * * LOW HITPOINT WARNING * * *
You take 1 damage, and have 4/48 hp.
There is an escape hatch in the ceiling here.
The scorpion stings you but does no damage.
A mysterious force pulls you upwards. The hatch slams shut behind you.
Level annotation: Grinder You barely miss the scorpion.
The scorpion is lightly wounded.
The scorpion stings you!
You die...

#.......####..##
#.#.###.####..### # #
..### #..)......#
###.##.# #.#
##.####..#.###......#
###
#..####.....##.#.#..#
#.
##..................#
#.
#....#.....##.#.#.# .
####.#..#.###<....# .
#.#....@s....### #
##........## #
###.####.# # ..# #[#
#.# # #.# #.# ##.## #
#.# #.###...# # # #.#
#.......# # ## ..#
#..##...# # .## #.#
#..################


You could see a scorpion.

Vanquished Creatures
  A jelly (D:4)
  A bullfrog skeleton (D:5)
  Jessica (D:2)
  An iguana (D:4)
  Robin (D:3)
  10 adders
  An adder skeleton (D:4)
  2 dart slugs
  7 orcs
  8 bats
  5 endoplasms
  2 giant cockroaches
  2 hobgoblins (D:1)
  10 jackals
  5 quokkas
  7 ball pythons
  8 frilled lizards
  19 goblins
  10 kobolds
  5 rats
106 creatures vanquished.

Vanquished Creatures (others)
  A fungus (D:1)
  7 plants
8 creatures vanquished.

Grand Total: 114 creatures vanquished

Notes
Turn   | Place    | Note
-------+----------+-------------------------------------------
     0 | D:1      | gimp the Formicid Wanderer began the quest for the Orb.
     0 | D:1      | gimp set off with the following items: a +2 spear, a +0
                  | buckler, a +0 robe; and the following spell memorised:
                  | Apportation; and the following spells available to
                  | memorise: Portal Projectile
     0 | D:1      | Reached XP level 1. HP: 16/16 MP: 3/3
   119 | D:1      | Reached XP level 2. HP: 17/23 MP: 5/5
   891 | D:1      | Found a faded altar of an unknown god.
   917 | D:1      | Reached skill level 3 in Fighting
   930 | D:1      | Reached XP level 3. HP: 29/29 MP: 6/6
  1348 | D:2      | Reached skill level 1 in Axes
  1348 | D:2      | Reached XP level 4. HP: 35/35 MP: 7/7
  1447 | D:2      | Noticed Jessica
  1452 | D:2      | Killed Jessica
  1771 | D:2      | Found a sacrificial altar of Ru.
  2104 | D:3      | Reached XP level 5. HP: 40/41 MP: 8/8
  2174 | D:3      | Noticed Robin
  2201 | D:3      | Killed Robin
  3380 | D:4      | Found a glowing drain.
  3384 | Sewer    | Entered a sewer
  3420 | Sewer    | Reached XP level 6. HP: 47/48 MP: 9/9
  4229 | D:4      | Noticed Grinder
  4621 | D:5      | Entered Level 5 of the Dungeon
  4649 | D:5      | Noticed an ogre
  5006 | D:4      | Found Towoxih's Armour Emporium.
  5065 | D:4      | Reached skill level 4 in Fighting
  5460 | D:4      | Slain by a scorpion

Illustrated notes

Levels and vault maps discovered:
D:1:      mrwooster_arrival_statue_2, layout_basic,
          shapermc_ecumenical_altar_mp_urbaneastern, minmay_box_of_dots
D:2:      layout_loops_ring, basic_altar, uniq_jessica
D:3:      layout_loops_corners, uniq_robin
D:4:      layout_loops_ring, chequers_temple_overflow_minitemple,
          gup_sewer_entry_bowl, serial_shops, shop_statue, shop,
          nicolae_shop_crystal, uniq_grinder
D:5:      layout_cave_pools, serial_column_ruins, column_ruins_courtyard_long,
          column_ruins_columns_corner, column_ruins_open_tiny,
          column_ruins_open_small

Skill      XL: |  1  2  3  4  5  6 |
---------------+-------------------+-----
Fighting       | 3 4 |  4.0
Shields        | 2 3 |  3.5
Axes           | 1 2 3 |  3.5
Armour         | 2 3 |  3.1
Stealth        | |  1.2
Spellcasting   | |  2.1
Conjurations   | |  1.7
Earth Magic    | |  1.2

Action                   |  1- 3 |  4- 6 || total
-------------------------+-------+-------++-------
Melee: Spear             |   104 |   297 ||   401
Throw: Dart              |       |     7 ||     7
 Abil: Dig               |     3 |     2 ||     5
Evoke: Wand              |       |     2 ||     2
  Use: Scroll            |       |     8 ||     8
 Stab: Sleeping          |     1 |       ||     1
Armor: Robe              |     8 |       ||     8
       Ring mail         |    20 |    67 ||    87
Dodge: Dodged            |    47 |   101 ||   148
Block: Buckler           |    14 |    41 ||    55

Table legend: (Time is in decaauts)
 A = Elapsed time spent in this place.
 B = Non-inter-level travel time spent in this place.
 C = Inter-level travel time spent in this place.
 D = Time resting spent in this place.
 E = Time spent auto-exploring this place.
 F = Levels seen in this place.
 G = Mean time per level.
                   A        B        C        D        E       F      G
               +--------+--------+--------+--------+--------+-----+--------+
         Total |   5657 |   5432 |    225 |    665 |   3625 |   6 |  942.8 |
       Dungeon |   4675 |   4450 |    225 |    665 |   2868 |   5 |  935.0 |
         Sewer |    982 |    982 |      0 |      0 |    756 |   1 |  982.0 |
               +--------+--------+--------+--------+--------+-----+--------+

Top non-repeatable levels by time:
     D:3: 1225 daAuts
     D:4: 1084 daAuts
     D:1: 1050 daAuts
     D:2: 986 daAuts
   Sewer: 982 daAuts
     D:5: 328 daAuts
